 Dungeon Crawl Stone Soup version 0.30-a0-857-gcaf70739d4 (webtiles) character file.

Game seed: 10527670916909273264

367 cforsyth the Magician (level 6, -1/32 HPs)
             Began as a Deep Elf Earth Elementalist on Mar 5, 2023.
             Slain by an orc
             ... wielding a +0 war axe
              (5 damage)
             ... on level 3 of the Dungeon.
             The game lasted 00:04:48 (2678 turns).

cforsyth the Magician (Deep Elf Earth Elementalist) Turns: 2678, Time: 00:04:49

Health: -1/32      AC:  6    Str:  5    XL:     6   Next: 41%
Magic:  14/17      EV: 12    Int: 22    God:
Gold:   170        SH:  0    Dex: 15    Spells: 17/18 levels left

rFire   . . .      SeeInvis .    (no weapon)
rCold   . . .      Faith    .    (no shield)
rNeg    + . .      Spirit   .    m - +2 robe {rN+}
rPois   .          Reflect  .    f - +0 helmet
rElec   .          Rampage  .    e - +0 cloak
rCorr   .                        (no gloves)
Will    .....                    (no boots)
Stlth   ++                       (no amulet)
HPRegen 0.25/turn                (no ring)
MPRegen 0.15/turn                (no ring)

@: no status effects
A: no striking features
a: no special abilities


You were on level 3 of the Dungeon.
You visited 1 branch of the dungeon, and saw 4 of its levels.
You also visited: Sewer.

You collected 170 gold pieces.

Inventory:

Armour
 a - a +0 robe
 e - a +0 cloak (worn)
 f - a +0 helmet (worn)
 m - a +2 robe of positive energy (worn)
Scrolls
 c - a scroll of enchant armour {unknown}
 i - 2 scrolls of teleportation {unknown}
 j - a scroll of identify
Potions
 b - a potion of magic
 d - a potion of brilliance {unknown}
 g - 3 potions of curing
 h - a potion of mutation {unknown}
 k - a potion of resistance {unknown}
 l - a potion of heal wounds {unknown}


   Skills:
 - Level 2.4 Dodging
 - Level 2.4 Stealth
 + Level 6.8 Spellcasting
 - Level 1.1 Transmutations
 + Level 6.1 Earth Magic


You had 17 spell levels left.
You knew the following spells:

 Your Spells              Type           Power      Damage    Failure   Level
a - Sandblast             Erth           68%        2d15      1%          1

Your spell library contained the following spells:

 Spells                   Type           Power      Damage    Failure   Level
 Passwall                 Tmut/Erth      19%        N/A       3%          2
 Stone Arrow              Conj/Erth      40%        3d9       7%          3
 Petrify                  Tmut/Erth      23%        N/A       19%         4
 Malign Gateway           Summ/Tloc      3%         N/A       100%        7
 Summon Horrible Things   Summ           3%         N/A       100%        8


Dungeon Overview and Level Annotations

Branches:
Dungeon (4/15)              Sewer (visited)
 Temple: D:4-7

Altars:
Ru


Message History

The orc hits you with a +0 club.
The blast of sand hits the orc wizard!
You kill the orc wizard!
A hobgoblin comes into view.
The orc hits you with a +0 club. The orc misses you.
The orc closely misses you. The orc hits you with a +0 flail.
The orc barely misses you.
The orc priest looks encouraged for a moment.
The blast of sand hits the orc.
The orc is almost dead.
The hobgoblin shouts!
You hear a shout! x2
The orc hits you with a +0 war axe! The orc hits you but does no damage.
The orc hits you with a +0 flail!
You are too injured to fight recklessly!
You are too injured to fight recklessly!
Unknown command.
Unknown command.
Unknown command.
The orc attacks as you move away! The orc barely misses you.
The orc priest calls upon Beogh to heal the orc.
The orc is healed somewhat.
Unknown command.
Unknown command.
A goblin comes into view. It is wielding a +0 club.
There is a stone staircase leading up here.
The orc hits you with a +0 war axe.
You climb upwards.
There is a stone staircase leading down here.
You are too injured to fight recklessly!
Casting: Sandblast (safe; 1% risk of failure)
Confirm with . or Enter, or press ? or * to list all spells.
Aiming: Sandblast (safe; 1% risk of failure)
Press: ? - help, Shift-Dir - straight line, f - orc
Aim: an orc, wielding a +0 war axe (84% to hit)
The blast of sand hits the orc.
The orc is severely wounded.
The orc hits you with a +0 war axe.
* * * LOW HITPOINT WARNING * * *
The orc hits you with a +0 war axe.
You die...

########### ########.........#
#####.§......#######.# #######
#.§.............####.####......
##.≈§≈≈≈§§.≈....................
#..≈.......≈.......#######.#####
##..≈.###.#.≈.......# #.#
#...≈.#...#.≈...@..## #.#
....≈§#._.#.≈...o..# #.#
#...§§#...#.≈.#....########.#
#.#.≈.#.###.≈§.....#.....##+#####
#.#.§.......§..<...#.###.#.......
#.#.≈§≈≈≈≈≈§≈..#...#.###.#.......
#.#............#..<#.....'.......
#.###.#..§.....#..######.#.......
#.....#..#.###....÷......#.......


You could see an orc.

Vanquished Creatures
  A water moccasin (Sewer)
  2 orc wizards
  Natasha (thrice) (D:3)
  3 adders
  5 worms
  4 orcs (D:3)
  7 bats
  5 endoplasms
  2 giant cockroaches
  8 hobgoblins
  7 jackals
  8 kobolds
  7 quokkas
  8 ball pythons
  5 frilled lizards
  7 goblins
  10 rats
92 creatures vanquished.

Notes
Turn   | Place    | Note
-------+----------+-------------------------------------------
     0 | D:1      | cforsyth the Deep Elf Earth Elementalist began the quest
                  | for the Orb.
     0 | D:1      | Reached XP level 1. HP: 10/10 MP: 6/6
     9 | D:1      | You fall into a shaft and drop 1 floor!
   188 | D:1      | Reached XP level 2. HP: 15/15 MP: 5/8
   803 | D:2      | Reached XP level 3. HP: 19/19 MP: 7/10
  1483 | D:3      | Reached XP level 4. HP: 24/24 MP: 9/12
  1525 | D:3      | Found a glowing drain.
  1530 | Sewer    | Entered a sewer
  1579 | Sewer    | Noticed a water moccasin
  1587 | Sewer    | Killed a water moccasin
  1588 | Sewer    | Reached skill level 5 in Spellcasting
  1588 | Sewer    | Reached skill level 5 in Earth Magic
  1588 | Sewer    | Reached XP level 5. HP: 9/28 MP: 9/15
  2116 | D:3      | Found a sacrificial altar of Ru.
  2250 | D:3      | Noticed Natasha
  2254 | D:3      | Killed Natasha
  2345 | D:3      | Noticed Natasha
  2350 | D:3      | Killed Natasha
  2351 | D:3      | Reached XP level 6. HP: 32/32 MP: 14/17
  2461 | D:3      | Noticed Natasha
  2465 | D:3      | Killed Natasha
  2678 | D:3      | Slain by an orc

Illustrated notes

Levels and vault maps discovered:
D:1:      lightli_molten_gateway, layout_basic, minmay_3d_cube
D:2:      layout_rooms, minmay_misc_feat_rugged
D:3:      layout_basic, mainiacjoe_overflow_brackets, gup_sewer_entry_spiral,
          uniq_natasha
D:4:      layout_gridville

Skill      XL: |  1  2  3  4  5  6 |
---------------+-------------------+-----
Earth Magic    | 4 5 6 |  6.1
Spellcasting   | 4 5 6 |  6.8
Dodging        | |  2.4
Stealth        | |  2.4
Transmutations | |  1.1

Action                     |  1- 3 |  4- 6 || total
---------------------------+-------+-------++-------
  Melee: Unarmed           |     1 |       ||     1
   Cast: Sandblast         |    58 |    62 ||   120
    Use: Scroll            |     1 |       ||     1
 Armour: Robe              |     2 |     7 ||     9
  Dodge: Dodged            |     4 |    20 ||    24

Table legend: (Time is in decaauts)
 A = Elapsed time spent in this place.
 B = Non-inter-level travel time spent in this place.
 C = Inter-level travel time spent in this place.
 D = Time resting spent in this place.
 E = Time spent auto-exploring this place.
 F = Levels seen in this place.
 G = Mean time per level.
                   A        B        C        D        E       F      G
               +--------+--------+--------+--------+--------+-----+--------+
         Total |   2810 |   2691 |    119 |    248 |   1803 |   5 |  562.0 |
       Dungeon |   2460 |   2341 |    119 |     49 |   1699 |   4 |  615.0 |
         Sewer |    350 |    350 |      0 |    199 |    103 |   1 |  350.0 |
               +--------+--------+--------+--------+--------+-----+--------+

Top non-repeatable levels by time:
     D:3: 1061 daAuts
     D:1: 803 daAuts
     D:2: 574 daAuts
   Sewer: 350 daAuts
     D:4: 21 daAuts
